 Dungeon Crawl Stone Soup version 0.28-a0-909-g796cbd3a86 (webtiles) character file.

Game seed: 13431975574647413722

8662 mordus the Thaumaturge (level 11, -6/81 HPs)
             Began as a Djinni Conjurer on Nov 24, 2021.
             Was a Believer of Makhleb.
             Killed by the air
             ... invoked by Gastronok
              (24 damage)
             ... on level 9 of the Dungeon.
             The game lasted 00:42:16 (13580 turns).

mordus the Thaumaturge (Djinni Conjurer)           Turns: 13580, Time: 00:42:18

Health: -6/81      AC:  8    Str:  6    XL:     11   Next: 60%
Gold:   479        EV: 15    Int: 23    God:    Makhleb [**....] SH:  5 Dex: 12

rFire   + + .      SeeInvis .   B - +2 dagger (venom)
rCold   . . .      Faith    .   (no shield)
rNeg    . . .      Spirit   .   g - +1 robe {rC+}
rPois   ∞          Reflect  +   i - +2 hat
rElec   .          Harm     .   G - +2 cloak
rCorr   .          Rampage  .   (no gloves)
Will    +....                   (boots unavailable)
Stlth   ++........              w - amulet of reflection
HPRegen 0.23/turn               (no ring)
MPRegen 0.00/turn               (no ring)

@: flying
A: sickness immunity, fire resistance 2, cold vulnerability 1, float, innate
caster, hp casting, extra vitality 1
a: Renounce Religion, Minor Destruction


You were on level 9 of the Dungeon.
You worshipped Makhleb.
Makhleb was pleased with you.
You visited 2 branches of the dungeon, and saw 11 of its levels.

You collected 479 gold pieces.

Inventory:

Hand Weapons
 d - a +2 short sword of draining
 z - a +0 vorpal dagger
 B - a +2 dagger of venom (weapon)
Missiles
 l - 2 throwing nets
Armour
 g - a +1 robe of cold resistance (worn)
 i - a +2 hat (worn)
 G - a +2 cloak (worn)
Magical Staves
 t - a staff of poison
 v - a staff of air
Jewellery
 e - a ring of fire
 w - an amulet of reflection (around neck)
Wands
 r - a wand of charming (7)
 x - a wand of iceblast (12)
 D - a wand of polymorph (12)
 F - a wand of flame (25)
Scrolls
 f - 4 scrolls of identify
 m - 3 scrolls of teleportation
 s - 2 scrolls of fear
 y - 2 scrolls of enchant armour
Potions
 a - 2 potions of degeneration {unknown}
 b - 4 potions of heal wounds {unknown}
 c - 2 potions of haste
 n - 2 potions of mutation {unknown}
 o - 2 potions of flight {unknown}
 p - 2 potions of might {unknown}
 u - a potion of cancellation {unknown}
 A - a potion of lignification {unknown}
 E - a potion of berserk rage {unknown}


   Skills:
 + Level 7.8 Fighting
 + Level 8.9 Dodging
 - Level 1.5 Stealth
 * Level 9.3 Spellcasting
 + Level 7.3 Invocations


You couldn't memorise any spells.
You knew the following spells:

 Your Spells              Type           Power      Damage    Failure   Level
a - Magic Dart            Conj           100%       1d8       1%          1
b - Searing Ray           Conj           100%       2d8       1%          2
c - Dazzling Flash        Conj/Hex       100%       N/A       1%          3
d - Fulminant Prism       Conj/Hex       26%        3d14      1%          4
e - Iskenderun's Mystic   Conj/Tloc      52%        2d11      1%          4
f - Shock                 Conj/Air       100%       1d9       1%          1
g - Ensorcelled Hibernat  Hex/Ice        100%       N/A       1%          2
h - Ignite Poison         Fire/Tmut/Pois 52%        N/A       1%          3
i - Summon Ice Beast      Ice/Summ       52%        N/A       1%          4
j - Hailstorm             Conj/Ice       52%        3d12      1%          4
Your spell library was empty.

Dungeon Overview and Level Annotations

Branches:
Dungeon (10/15)            Temple (1/1) D:5            Lair (0/6) D:8
    Orc: D:9-12

Altars:
Ashenzari
Cheibriados
Dithmenos
Elyvilon
Fedhas
Gozag
Hepliaklqana
Kikubaaqudgha
Makhleb
Nemelex Xobeh
Okawaru
Qazlal
Ru
Sif Muna
Trog
Uskayaw
Vehumet
Wu Jian
Xom
Yredelemnul
Zin
The Shining One

Shops:
D:5 :   D:9 [

Annotations:
D:7 2 transporters, timneilson's ghost, novice GrFi
D:9 Gastronok
D:10 Snorg; Urug


Innate Abilities, Weirdness & Mutations

You are immune to sickness and miasma.
You are immune to poison.
Your flesh is very heat resistant. (rF++)
You are vulnerable to cold. (rC-)
You float through the air rather than walking.
You learn spells naturally, not from books.
Your magical power is your life essence.
You have superior vitality. (+4 HP)


Message History

Press: ? - help, Shift-Dir - straight line, f - Gastronok
Aim: Gastronok, wearing a +2 hat of intelligence (heavily wounded, covering ground quickly, 100% to hit)
The searing ray hits Gastronok!
Gastronok is severely wounded. (Press . to maintain the ray.)
The searing ray hits Gastronok but does no damage.
Gastronok is severely wounded.
The searing ray hits Gastronok!
Gastronok is severely wounded.
The searing ray hits Gastronok.
Gastronok is severely wounded.
You finish channelling your searing ray.
Casting: Searing Ray (safe; 1% risk of failure)
Confirm with . or Enter, or press ? or * to list all spells.
You erupt in a blast of force!
The mystic blast hits Gastronok.
Gastronok is severely wounded.
Gastronok is knocked back by the mystic blast.
Casting: Iskenderun's Mystic Blast (mildly dangerous; 1% risk of failure)
Confirm with . or Enter, or press ? or * to list all spells.
Aiming: Searing Ray (safe; 1% risk of failure)
Press: ? - help, Shift-Dir - straight line, f/p - Gastronok
Aim: Gastronok, wearing a +2 hat of intelligence (severely wounded, covering ground quickly, 100% to hit)
The searing ray hits Gastronok!
Gastronok is almost dead. (Press . to maintain the ray.)
* * * LOW HITPOINT WARNING * * *
The searing ray hits Gastronok!
Gastronok is almost dead.
* * * LOW HITPOINT WARNING * * *
The searing ray hits Gastronok!
Gastronok is almost dead.
* * * LOW HITPOINT WARNING * * *
Casting: Searing Ray (safe; 1% risk of failure)
Confirm with . or Enter, or press ? or * to list all spells.
You erupt in a blast of force!
The mystic blast hits Gastronok.
Gastronok is almost dead.
* * * LOW HITPOINT WARNING * * *
Gastronok waves his eye-stalks in wide circles.
The air twists around and strikes you!!
You die...

...........#.#...............###
#..####.##.#.#...............#
##.####.##[..)...............#
.........#..†#...............###
######......)##..##............#
.....'.......##.>###...#.....<.#
######.......###.# #...#.......#
...# #.#'#...# #w# #...#.......#
##.# #.#.#...# #@# #...#.......#
<#.# #.#.#...# #.# #...#.......#
.#.# #.#.#.#####.# #...#####'###
...# #...#.......# #...# #.#
.################# #...# #.#
.................# #...# #.#
.###############.# #...# #.#
.#....# #.# ##### #.# .#.##.#
#(# #.#


You could see Gastronok (swift).

Vanquished Creatures
  Erica (D:8)
  2 two-headed ogres
  A manticore (D:10)
  Maurice (D:9)
  An unseen horror (D:10)
  A troll (D:9)
  A vampire (D:9)
  A shadow (D:9)
  A wraith (D:9)
  A wyvern (D:9)
  4 yaks
  A floating eye (D:9)
  A water moccasin (D:7)
  3 ice beasts
  3 sky beasts
  4 orc warriors
  2 black bears
  2 centaurs (D:9)
  3 kobold brigands
  3 bullfrogs
  A wyvern zombie (D:8)
  2 scorpions
  A wyvern skeleton (D:5)
  7 killer bees (D:9)
  14 wights
  3 howler monkeys (D:7)
  3 centaur zombies
  A jelly (D:5)
  7 hounds
  An iguana (D:4)
  3 orc priests
  A bullfrog skeleton (D:7)
  A centaur skeleton (D:3)
  5 orc wizards
  A hound skeleton (D:5)
  5 howler monkey zombies
  4 gnolls (D:4)
  11 adders
  A shadow imp (D:5)
  A dart slug (D:1)
  11 orcs
  13 ball pythons
  6 endoplasms
  9 giant cockroaches
  3 goblins
  11 hobgoblins
  3 jackals (D:1)
  3 quokkas (D:4)
  6 bats
  5 frilled lizards
  26 kobolds
  4 rats (D:1)
210 creatures vanquished.

Vanquished Creatures (others)
  A two-headed ogre (D:5)
  An iguana (D:5)
  29 fulminant prisms
31 creatures vanquished.

Grand Total: 241 creatures vanquished

Notes
Turn   | Place    | Note
-------+----------+-------------------------------------------
     0 | D:1      | mordus the Djinni Conjurer began the quest for the Orb.
     0 | D:1      | Reached XP level 1. HP: 15/15 MP: 0/0
   292 | D:1      | Reached XP level 2. HP: 18/22 MP: 0/0
   868 | D:1      | Reached skill level 1 in Fighting
   868 | D:1      | Reached XP level 3. HP: 15/27 MP: 0/0
   868 | D:1      | Learned a level 1 spell: Shock
  1844 | D:2      | Reached XP level 4. HP: 29/32 MP: 0/0
  2249 | D:2      | Reached skill level 4 in Spellcasting
  2545 | D:2      | Found a faded altar of an unknown god.
  2809 | D:3      | Reached XP level 5. HP: 36/38 MP: 0/0
  2809 | D:3      | Learned a level 2 spell: Ensorcelled Hibernation
  3007 | D:3      | Found a snail-covered altar of Cheibriados.
  3304 | D:3      | Found an ornate altar of the Wu Jian Council.
  3445 | D:3      | Found a burning altar of Makhleb.
  3450 | D:3      | Became a worshipper of Makhleb the Destroyer
  3791 | D:4      | Noticed a black bear
  3801 | D:4      | Killed a black bear
  3802 | D:4      | Reached skill level 1 in Invocations
  3802 | D:4      | Reached XP level 6. HP: 32/45 MP: 0/0
  4086 | D:4      | Found a sacrificial altar of Ru.
  4196 | D:4      | Reached XP level 7. HP: 19/49 MP: 0/0
  4196 | D:4      | Learned a level 3 spell: Ignite Poison
  4625 | D:5      | Entered Level 5 of the Dungeon
  4756 | D:5      | Found a staircase to the Ecumenical Temple.
  4762 | Temple   | Entered the Ecumenical Temple
  4917 | D:5      | Reached skill level 5 in Spellcasting
  5273 | D:5      | Reached XP level 8. HP: 48/56 MP: 0/0
  5364 | D:5      | Killed a two-headed ogre
  5393 | D:5      | Found a glowing silver altar of Zin.
  5889 | D:5      | Reached * piety under Makhleb
  5890 | D:5      | Reached skill level 5 in Dodging
  6003 | D:5      | Found Yrigefin's Book Shoppe.
  6079 | D:5      | Found a broken altar of Ashenzari.
  6085 | D:5      | Found a shimmering altar of Xom.
  6799 | D:6      | Reached skill level 6 in Spellcasting
  6840 | D:6      | Reached XP level 9. HP: 37/63 MP: 0/0
  6840 | D:6      | Learned a level 4 spell: Summon Ice Beast
  7584 | D:7      | Noticed timneilson's ghost (novice GrFi)
  7588 | D:7      | Noticed a gargoyle
  7598 | D:7      | Noticed a slime creature
  7615 | D:7      | Reached skill level 5 in Fighting
  8018 | D:7      | Reached skill level 7 in Spellcasting
  8275 | D:7      | Found a transporter.
  8277 | D:7      | Found a transporter.
  8982 | D:8      | Reached skill level 5 in Invocations
  9004 | D:8      | Reached ** piety under Makhleb
  9375 | D:8      | Noticed a two-headed ogre
  9394 | D:8      | Killed a two-headed ogre
  9395 | D:8      | Reached XP level 10. HP: 57/72 MP: 0/0
  9655 | D:8      | Noticed Erica
  9821 | D:8      | Killed Erica
  9822 | D:8      | Reached skill level 8 in Spellcasting
 10261 | D:8      | Found a staircase to the Lair.
 10538 | D:9      | Found a blossoming altar of Fedhas.
 10919 | D:9      | Found a bloodstained altar of Trog.
 10930 | D:9      | Found Huoxipajo's Antique Armour Shop.
 10938 | D:9      | Noticed Maurice
 10950 | D:9      | Killed Maurice
 11008 | D:9      | Reached XP level 11. HP: 50/79 MP: 0/0
 11008 | D:9      | Learned a level 4 spell: Hailstorm
 11607 | D:9      | Noticed a two-headed ogre
 11618 | D:9      | Killed a two-headed ogre
 12051 | D:10     | Entered Level 10 of the Dungeon
 12051 | D:10     | Noticed a manticore
 12087 | D:10     | Noticed Gastronok
 12298 | D:10     | Killed a manticore
 12304 | D:10     | Noticed Urug
 12460 | D:10     | Reached skill level 9 in Spellcasting
 13553 | D:10     | Noticed Snorg
 13556 | D:10     | Paralysed by a floating eye for 3 turns
 13564 | D:9      | Paralysed by a floating eye for 3 turns
 13580 | D:9      | Killed from afar by Gastronok

Illustrated notes

Levels and vault maps discovered:
D:1:      dpeg_arrival_simpleton_c, layout_basic
D:2:      layout_loops_ring, hellmonk_ecumenical_altar_heavens_door
D:3:      layout_rooms, cheibrodos_worm_habitat, general_overflow_altar,
          lightli_temple_of_fire
D:4:      layout_cave_pools, mainiacjoe_overflow_brackets, grunt_ministairs_9,
          kennysheep_decorative_pillar
D:5:      layout_basic, mainiacjoe_overflow_concentric_impassable,
          xom_confusion_cloud, lemuel_tele_altar, minmay_temple_entry_trees,
          serial_shops, nicolae_shop_stone
D:6:      layout_loops_ring, chequers_mini_garden
D:7:      layout_rooms, nzn_ghost_randoct, minmay_fountain_box
D:8:      layout_basic, lair_entry_dummy, uniq_erica
D:9:      layout_basic, old_standard_altar, fedhas_bush_and_centaur_altar,
          serial_shops, nicolae_take_the_stairs, uniq_maurice
D:10:     layout_cave_pools, onia_ninara_cookie, uniq_urug, uniq_gastronok,
          uniq_snorg
Temple:   dshaligram_water_room_temple

Skill      XL: |  1  2  3  4  5  6  7  8  9 10 11 |
---------------+----------------------------------+-----
Fighting       | 1 2 3 4 6 7 |  7.8
Dodging        | 3 4 5 7 8 |  8.9
Spellcasting   | 4 5 6 7 8 9 |  9.3
Invocations    | 1 2 3 5 6 7 |  7.3
Stealth        | |  1.5

Action                   |  1- 3 |  4- 6 |  7- 9 | 10-12 || total
-------------------------+-------+-------+-------+-------++-------
Melee: Short sword       |     7 |    12 |     7 |       ||    26
       Dagger            |       |       |     9 |       ||     9
 Cast: Magic Dart        |    25 |       |     1 |    19 ||    45
       Searing Ray       |    20 |    42 |    65 |    50 ||   177
       Iskenderun's Myst |       |     2 |    26 |    33 ||    61
       Fulminant Prism   |       |     1 |    12 |    17 ||    30
       Summon Ice Beast  |       |       |       |     3 ||     3
  Use: Scroll            |     2 |       |       |     7 ||     9
 Stab: Sleeping          |       |     1 |     2 |       ||     3
Armor: Robe              |     7 |    18 |    27 |    30 ||    82
Dodge: Dodged            |    15 |    30 |    52 |    76 ||   173
Block: Other             |       |       |       |    15 ||    15

Table legend: (Time is in decaauts)
 A = Elapsed time spent in this place.
 B = Non-inter-level travel time spent in this place.
 C = Inter-level travel time spent in this place.
 D = Time resting spent in this place.
 E = Time spent auto-exploring this place.
 F = Levels seen in this place.
 G = Mean time per level.
                   A        B        C        D        E       F      G
               +--------+--------+--------+--------+--------+-----+--------+
         Total |  13600 |  13340 |    260 |   3951 |   7187 |  11 | 1236.4 |
       Dungeon |  13505 |  13245 |    260 |   3951 |   7127 |  10 | 1350.5 |
        Temple |     94 |     94 |      0 |      0 |     60 |   1 |   94.0 |
               +--------+--------+--------+--------+--------+-----+--------+

Top non-repeatable levels by time:
     D:9: 3163 daAuts
     D:5: 1708 daAuts
     D:8: 1632 daAuts
     D:1: 1617 daAuts
     D:4: 1192 daAuts
     D:2: 1184 daAuts
     D:6: 1150 daAuts
     D:7: 996 daAuts
     D:3: 752 daAuts
    D:10: 106 daAuts
  Temple: 94 daAuts
